AoeStats
← Cristhian98K

Nomad

507579512Analyzed
2v2 RM · 14d ago on Sep 18, 2026· 42m 54s· 4 players
Game mode
Random Map
Map size
176×176
Population
200
Speed
Normal
Resources
Standard
Victory
Conquest
Starting age
Dark Age
Ending age
Imperial Age
RankedLock teamsTeams togetherTeam positionsShared explorationLock speedFull tech treeHidden civsTurbo modeCheats
Victory
Defeat
🇨🇱 Franks · Chile
644
+17
🇨🇱 Slavs · Chile
596
+19
🇨🇴 Bulgarians · Colombia
703
-20
🇩🇪 Portuguese · Germany
618
-16
Armes Würstchen
Cristhian98K
3:36 Loom
17:12 Feudal Age
18:03 Double-Bit Axe
18:05 Fishing Lines
18:30 Gold Mining
19:38 Town Watch
20:08 Arson
20:53 Forging
20:44 Scale Mail Armor
20:36 Horse Collar
22:43 Fletching
24:49 Stone Mining
28:20 Castle Age
26:32 Scale Barding Armor
28:28 Padded Archer Armor
29:27 Chain Mail Armor
29:19 Pikeman
32:25 Squires
33:07 Bow Saw
33:10 Gillnets
34:01 Wheelbarrow
34:30 Husbandry
33:55 Light Cavalry
36:39 Hand Cart
39:16 Gold Shaft Mining
39:44 Stone Shaft Mining
39:12 Gambesons
39:26 Bodkin Arrow
40:09 Iron Casting
41:05 Stirrups
42:07 Town Patrol
nohacenadi3489
16:05 Feudal Age
22:50 Castle Age
24:40 Scale Barding Armor
26:18 Fishing Lines
27:32 Chain Barding Armor
33:00 Double-Bit Axe
34:43 Wheelbarrow
37:26 Stone Mining
38:01 Gillnets
K ingaete 6787
16:36 Feudal Age
16:38 Man-at-Arms
18:09 Double-Bit Axe
18:59 Horse Collar
22:23 Loom
25:17 Castle Age
23:36 Forging
25:56 Wheelbarrow
26:24 Gold Mining
26:50 Long Swordsman
28:13 Iron Casting
29:28 Hand Cart
33:25 Bow Saw
44:41 Imperial Age
Connection lost

Rejoining the realm…

Still unreachable

The connection could not be restored.

Session expired

The server has moved on; the page needs a fresh start.